 Dungeon Crawl Stone Soup version 0.20-a0-760-g49f5558 (webtiles) character file.

214 w00t the Chopper (level 5, -1/45 HPs)
             Began as a Hill Orc Monk on Feb 25, 2017.
             Killed from afar by an orc wizard (3 damage)
             ... with a magic dart
             ... on level 3 of the Dungeon.
             The game lasted 00:04:55 (2602 turns).

w00t the Chopper (Hill Orc Monk)                    Turns: 2602, Time: 00:04:56

Health: -1/45      AC: 11    Str: 14    XL:     5   Next: 92%
Magic:  5/5        EV:  4    Int: 10    God:
Gold:   69         SH:  0    Dex: 14    Spells: 4/4 levels left

rFire    . . .     SeeInvis .   a - +0 hand axe
rCold    . . .     Gourm    .   i - +0 plate armour
rNeg     . . .     Faith    .   (no shield)
rPois    .         Spirit   .   (no helmet)
rElec    .         Reflect  .   (no cloak)
rCorr    .         Harm     .   (no gloves)
MR       .....                  (no boots)
Stlth    ..........             (no amulet)
Regen    0.2/turn               (no ring)
MPRegen  0.1/turn               e - ring of wizardry {Wiz+, !d}

@: lethally poisoned (-1 -> -21), slowed, very slow
A: no striking features
a: no special abilities


You were on level 3 of the Dungeon.
You were not hungry.

You visited 1 branch of the dungeon, and saw 3 of its levels.

You collected 69 gold pieces.

Inventory:

Hand Weapons
 a - a +0 hand axe (weapon)
Missiles
 f - 42 stones (quivered)
Armour
 i - a +0 plate armour (worn)
Jewellery
 e - a ring of wizardry (left hand) {Wiz+, !d}
Scrolls
 g - a scroll of immolation {unknown}
 h - a scroll of enchant armour {unknown}
 l - 2 scrolls of remove curse {unknown}
 m - a scroll of fog {unknown}
 p - a scroll of noise {unknown}
Potions
 j - a potion of curing {@q1}
Comestibles
 b - a chunk of flesh
 c - a bread ration
 n - a meat ration


   Skills:
 - Level 3.6 Fighting
 + Level 6.6 Axes
 - Level 2.0 Throwing
 + Level 3.0 Armour
 - Level 2.4 Dodging
 - Level 1.5 Stealth


You had 4 spell levels left.
You didn't know any spells.

Dungeon Overview and Level Annotations

Branches:
Dungeon (3/15)

Altars:
Nemelex Xobeh

Annotations:
D:1 exclusion: downstairs
D:2 exclusion: downstairs
D:3 rgaf's ghost, amateur HaAs


Message History

The orc wizard blinks!
* * * LOW HITPOINT WARNING * * *
You feel very sick. The adder bites you but does no damage.
The orc wizard gestures at you while chanting.
The magic dart hits you! The adder bites you.
* * * LOW HITPOINT WARNING * * *
* * * LOW HITPOINT WARNING * * *
You feel very sick. The adder bites you but does no damage.
The orc wizard casts a spell at you.
You feel as though you will be slow longer.
The adder bites you but does no damage.
Items here: ) [[ †† a chain mail; a flail; a ring mail; an orc corpse x2
* * * LOW HITPOINT WARNING * * *
You feel very sick.
The orc wizard gestures at you while chanting.
The magic dart hits you!
You die...

. .. ...
### ... #<#
.. #@#
#.#[# #.So#
+........#
#..####.#.#
#.. #.. #..
#.#


You could see an orc wizard and an adder.

Vanquished Creatures
  Sigmund (D:2)
  2 worms (D:2)
  A dart slug (D:1)
  3 leopard geckos
  2 orcs (D:3)
  5 giant cockroaches
  2 goblins (D:1)
  5 hobgoblins
  6 jackals (D:2)
  10 kobolds
  A quokka (D:3)
  5 bats
  4 frilled lizards
  4 rats (D:1)
51 creatures vanquished.

Notes
Turn   | Place    | Note
-------+----------+-------------------------------------------
     0 | D:1      | w00t the Hill Orc Monk began the quest for the Orb.
     0 | D:1      | Reached XP level 1. HP: 19/19 MP: 1/1
   169 | D:1      | Reached XP level 2. HP: 26/26 MP: 2/2
   498 | D:1      | Reached skill level 1 in Throwing
   672 | D:1      | Found a sparkling altar of Nemelex Xobeh.
   812 | D:1      | Reached XP level 3. HP: 26/31 MP: 3/3
  1074 | D:2      | Noticed Sigmund
  1119 | D:1      | Reached skill level 5 in Axes
  1597 | D:2      | Found a faded altar of an unknown god.
  2098 | D:2      | Killed Sigmund
  2098 | D:2      | Reached skill level 6 in Axes
  2098 | D:2      | Reached XP level 4. HP: 5/39 MP: 4/4
  2098 | D:2      | Reached XP level 5. HP: 5/45 MP: 5/5
  2481 | D:3      | Noticed rgaf's ghost (amateur HaAs)
  2602 | D:3      | HP: 2/45 [poisoned by an adder]
  2602 | D:3      | Killed from afar by an orc wizard

Vault maps used:
D:1:      lightli_iron_boxes, nemelex_altar_shiori
D:2:      chequers_ecumenical_altar_simple, uniq_sigmund
D:3:      grunt_ministairs_8, minmay_goblin_kobold_house

Skill      XL: |  1  2  3  4  5 |
---------------+----------------+-----
Throwing       | 1 2 |  2.0
Axes           | 6 |  6.6
Armour         | 2 3 |  3.0
Fighting       | |  3.6
Dodging        | |  2.4
Stealth        | |  1.5

Action                   |  1- 3 |  4- 6 || total
-------------------------+-------+-------++-------
Melee: Hand axe          |   193 |    44 ||   237
Throw: Stone             |    63 |       ||    63
  Use: Potion            |     5 |       ||     5
  Eat: Chunk             |     3 |       ||     3
       Bread ration      |       |     1 ||     1
Armor: Plate armour      |   184 |    38 ||   222
       Leather armour    |    11 |       ||    11
       Skin              |    11 |       ||    11
Dodge: Dodged            |    58 |    10 ||    68
